 Dungeon Crawl Stone Soup version 0.26-a0-21-gf97e55dc39 (webtiles) character file.

Game seed: 231347096493381574, levelgen mode: deterministic

697 Esekla the Thaumaturge (level 7, -4/36 HPs)
             Began as a Deep Elf Wanderer on May 25, 2020.
             Was a Priest of Lugonu.
             Slain by Prince Ribbit (11 damage)
             ... on level 5 of the Dungeon on May 26, 2020.
             The game lasted 01:20:36 (7446 turns).

Esekla the Thaumaturge (Deep Elf Wanderer)          Turns: 7446, Time: 01:20:44

Health: -4/36      AC:  8    Str:  9    XL:     7   Next: 38%
Magic:  18/20      EV: 10    Int: 19    God:    Lugonu [***...]
Gold:   155        SH:  0    Dex: 14    Spells: 7/22 levels left

rFire    . . .     SeeInvis .   t - +0 falchion
rCold    . . .     Gourm    .   (no shield)
rNeg     . . .     Faith    .   y - +1 ring mail of the Spider Nest {MR+} (curse)
rPois    .         Spirit   .   (no helmet)
rElec    .         Reflect  .   (no cloak)
rCorr    .         Harm     .   (no gloves)
MR       +....                  q - +1 pair of boots
Stlth    ++........             (no amulet)
HPRegen  0.12/turn              (no ring)
MPRegen  0.17/turn              (no ring)

@: very slightly contaminated
A: no striking features
a: Depart the Abyss, Bend Space, Banish, Renounce Religion


You were on level 5 of the Dungeon.
You worshipped Lugonu.
Lugonu was most pleased with you.
You were hungry.

You visited 1 branch of the dungeon, and saw 5 of its levels.

You collected 155 gold pieces.

Inventory:

Hand Weapons
 a - a +0 dagger
 n - a +0 spear
 t - a +0 falchion (weapon)
 w - a +2 spear of flaming
Armour
 d - a +0 robe
 q - a +1 pair of boots (worn)
 u - a +1 ring mail of magic resistance
 y - the cursed +1 ring mail of the Spider Nest (worn) {MR+}
   (You found it on level 4 of the Dungeon)

   It affects your resistance to hostile enchantments.
   It has a curse placed upon it.
Jewellery
 z - a +6 ring of dexterity {unknown}
Scrolls
 g - 2 scrolls of blinking
 h - a scroll of fear
 j - 4 scrolls of fog
 k - a scroll of amnesia
 p - a scroll of immolation
 A - a scroll of identify
Potions
 b - 2 potions of stabbing
 c - a potion of heal wounds {unknown}
 e - a potion of resistance
 i - a potion of invisibility {unknown}
 l - a potion of flight {unknown}
 m - a potion of lignification {unknown}
 o - a potion of haste {unknown}
 r - a potion of degeneration {unknown}
 s - 2 potions of curing
 v - a potion of cancellation {unknown}
 x - a potion of brilliance {unknown}
Comestibles
 f - 9 rations


   Skills:
 + Level 0.3(0.5) Short Blades
 + Level 0.4(0.5) Long Blades
 + Level 0.6 Armour
 + Level 2.3 Dodging
 + Level 3.2 Stealth
 * Level 8.0 Spellcasting
 * Level 2.8 Conjurations
 + Level 3.5 Charms
 + Level 1.7 Translocations
 * Level 1.1 Fire Magic
 * Level 2.1 Ice Magic
 + Level 2.6 Air Magic
   Level 1.1 Earth Magic
 + Level 2.5 Poison Magic
 * Level 1.6 Invocations


You had 7 spell levels left.
You knew the following spells:

 Your Spells              Type           Power        Failure   Level  Hunger
a - Ozocubu's Armour      Chrm/Ice       ###.....     24%         3    None
c - Mephitic Cloud        Conj/Pois/Air  ###.....     26%         3    None
e - Shock                 Conj/Air       ###.         9%          1    None
g - Shroud of Golubria    Chrm/Tloc      ###...       13%         2    None
s - Song of Slaying       Chrm           ###.....     9%          2    None
y - Sticky Flame          Conj/Fire      ###.....     75%         4    ###....

Your spell library contained the following spells:

 Spells                   Type           Power        Failure   Level  Hunger
 Infusion                 Chrm           ###.         6%          1    None
 Swiftness                Chrm/Air       ###.....     11%         2    None
 Foxfire                  Conj/Fire      ###.         12%         1    None
 Static Discharge         Conj/Air       ###.....     26%         3    None
 Conjure Flame            Conj/Fire      ###.....     34%         3    None
 Spectral Weapon          Hex/Chrm       ##......     36%         3    None
 Inner Flame              Hex/Fire       #.......     52%         3    None
 Airstrike                Air            ###.......   65%         4    ###....
 Lightning Bolt           Conj/Air       ###.......   93%         5    #####..
 Fireball                 Conj/Fire      ###.......   97%         5    #####..


Dungeon Overview and Level Annotations

Branches:
Dungeon (5/15)
 Temple: D:4-7

Altars:
Cheibriados
Dithmenos
Hepliaklqana
Sif Muna
The Shining One
Lugonu

Annotations:
D:4 Edmund
D:5 1 runed translucent door, Crazy Yiuf, Prince Ribbit


Message History

The worm barely misses you.
You completely miss the worm. The worm barely misses you.
You hit the worm but do no damage. The worm bites you.
You hit the worm.
The worm is lightly wounded.
The worm bites you!
There is a stone staircase leading down here.
You miss Prince Ribbit.
Prince Ribbit is lightly wounded.
Prince Ribbit barely misses you.
You riposte.
You hit Prince Ribbit.
Prince Ribbit is lightly wounded.
Prince Ribbit closely misses you.
Casting: Shock (safe; 9% risk of failure)
Confirm with . or Enter, or press ? or * to list all spells.
You miscast Shroud of Golubria.
You are very lightly contaminated with residual magic.
Nothing appears to happen.
Prince Ribbit hits you.
* * * LOW HITPOINT WARNING * * *
Prince Ribbit hits you!
You die...

##.#####..#
##...#
###...#.....##
##..#
#.[..........##
#...
...###...####..##
#... #...#
##..####...
##w.## ##...##...
##...# ##...#...
#F...## ##......
#@.#..## ##....<
#..###..## #.....
#.## ##..##
#..... ...
##..####.....
###.
###.......... ##
#...#...##...
######.###### ###


You could see Prince Ribbit and a worm.

Vanquished Creatures
  A howler monkey (D:4)
  3 hounds
  An orc priest (D:3)
  A centaur skeleton (D:4)
  4 orc wizards
  A worker ant (D:4)
  16 adders
  8 gnolls
  A river rat (D:4)
  An ooze (D:1)
  An adder skeleton (D:4)
  7 worms
  2 dart slugs (D:1)
  4 leopard geckos
  8 orcs
  6 ball pythons (D:2)
  7 giant cockroaches
  12 goblins
  11 hobgoblins
  7 jackals
  7 kobolds
  A quokka (D:1)
  11 bats
  3 frilled lizards
  A leopard gecko zombie (D:5)
  12 rats
137 creatures vanquished.

Notes
Turn   | Place    | Note
-------+----------+-------------------------------------------
     0 | D:1      | Esekla the Deep Elf Wanderer began the quest for the Orb.
     0 | D:1      | Esekla set off with the following items: a +0 dagger, a
                  | scroll of teleportation, a +0 robe, a ration; and the
                  | following spells available to memorise: Infusion, Song of
                  | Slaying, Shroud of Golubria, Shock, Ozocubu's Armour,
                  | Spectral Weapon, Mephitic Cloud
     0 | D:1      | Reached XP level 1. HP: 10/10 MP: 9/9
     2 | D:1      | Learned a level 1 spell: Shock
   200 | D:1      | Reached skill level 6 in Spellcasting
   299 | D:1      | Reached XP level 2. HP: 15/15 MP: 6/11
   303 | D:1      | Learned a level 2 spell: Shroud of Golubria
   306 | D:1      | Learned a level 2 spell: Song of Slaying
   399 | D:1      | Reached skill level 1 in Air Magic
   702 | D:1      | Reached XP level 3. HP: 10/19 MP: 8/13
   739 | D:1      | Learned a level 3 spell: Ozocubu's Armour
   743 | D:1      | Learned a level 3 spell: Mephitic Cloud
  2120 | D:1      | Reached skill level 1 in Dodging
  2157 | D:2      | Found a hazy altar of Hepliaklqana.
  2331 | D:1      | Reached XP level 4. HP: 13/24 MP: 9/14
  3063 | D:2      | Reached skill level 1 in Ice Magic
  3763 | D:2      | Reached skill level 1 in Poison Magic
  3808 | D:2      | Reached skill level 1 in Conjurations
  3808 | D:2      | Reached XP level 5. HP: 3/28 MP: 1/16
  4096 | D:2      | Reached skill level 7 in Spellcasting
  4147 | D:2      | Reached skill level 1 in Translocations
  5130 | D:3      | Found a faded altar of an unknown god.
  5161 | D:3      | Became a worshipper of Lugonu the Unformed
  5161 | D:3      | Reached * piety under Lugonu
  5161 | D:3      | Reached ** piety under Lugonu
  5504 | D:3      | Reached XP level 6. HP: 32/32 MP: 9/18
  6019 | D:3      | Upgraded the game from 0.26-a0-20-g5f92b90fa0 to
                  | 0.26-a0-21-gf97e55dc39
  6033 | D:4      | Found a glowing golden altar of the Shining One.
  6051 | D:4      | Noticed Edmund
  6089 | D:4      | Reached skill level 1 in Invocations
  6102 | D:4      | Found a shadowy altar of Dithmenos.
  6212 | D:4      | Noticed an ice beast
  6285 | D:4      | Found a shimmering blue altar of Sif Muna.
  6295 | D:4      | Reached XP level 7. HP: 11/36 MP: 14/20
  6346 | D:5      | Entered Level 5 of the Dungeon
  6437 | D:5      | Reached *** piety under Lugonu
  6455 | D:5      | Learned a level 4 spell: Sticky Flame
  6495 | D:4      | Got a distressingly furry ring mail
  6541 | D:3      | Identified the cursed +1 ring mail of the Spider Nest {MR+}
                  | (You found it on level 4 of the Dungeon)
  6720 | D:4      | Found a snail-covered altar of Cheibriados.
  6759 | D:4      | Reached skill level 8 in Spellcasting
  7350 | D:5      | Found a runed translucent door.
  7351 | D:5      | Noticed Crazy Yiuf
  7377 | D:5      | Noticed Prince Ribbit
  7446 | D:5      | Slain by Prince Ribbit

Illustrated notes

Levels and vault maps discovered:
D:1:      dpeg_arrival_subterranean_lakeside_camping, layout_basic,
          minmay_unequal
D:2:      layout_rooms, old_standard_altar, minmay_snake_closets
D:3:      layout_basic, chequers_ecumenical_altar_simple
D:4:      layout_gridville, overflow_temple_1_default,
          nicolae_overflow_crystal_walls, nicolae_dithmenos_the_darkroom,
          gup_sewer_entry_bowl, led_sif_pool, uniq_edmund
D:5:      layout_layer_cave, first_ration, uniq_duvessa, uniq_pikel,
          uniq_eustachio, uniq_crazy_yiuf_cottage, uniq_prince_ribbit1

Skill      XL: |  1  2  3  4  5  6  7 |
---------------+----------------------+-----
Spellcasting   | 6 7 8 |  8.0
Air Magic      | 1 2 |  2.6
Dodging        | 1 2 |  2.3
Ice Magic      | 1 2 |  2.1
Poison Magic   | 1 2 |  2.5
Conjurations   | 1 2 |  2.8
Translocations | 1 |  1.7
Stealth        | 3 |  3.2
Invocations    | 1 |  1.6
Short Blades   | |  0.3
Long Blades    | |  0.4
Armour         | |  0.6
Charms         | |  3.5
Fire Magic     | |  1.1
Earth Magic    | |  1.1

Action                   |  1- 3 |  4- 6 |  7- 9 || total
-------------------------+-------+-------+-------++-------
Melee: Dagger            |   124 |    65 |     4 ||   193
       Falchion          |       |    39 |    39 ||    78
 Cast: Shock             |    49 |   118 |    34 ||   201
       Shroud of Golubri |    16 |    26 |     2 ||    44
       Ozocubu's Armour  |     1 |    10 |     1 ||    12
       Mephitic Cloud    |       |     6 |     2 ||     8
  Use: Scroll            |       |     7 |     4 ||    11
 Stab: Sleeping          |     4 |     2 |       ||     6
       Distracted        |       |     1 |       ||     1
       Confused          |       |       |     1 ||     1
  Eat: Chunk             |     4 |    13 |       ||    17
       Ration            |       |       |     1 ||     1
Armor: Robe              |    63 |    55 |     3 ||   121
       Ring mail         |       |       |    27 ||    27
Dodge: Dodged            |   128 |   151 |    42 ||   321
       Rpst.: Falchion   |       |    20 |    17 ||    37

Table legend:
 A = Non-vault XP
 B = Vault XP
 C = Vault XP percentage of total XP
 D = Non-vault monster count
 E = Vault monster count
 F = Vault count percentage of total count
                 A         B        C        D         E       F
            +---------+---------+-------+---------+---------+-------
      Total |     869 |     128 |  12.8 |     111 |      26 |  19.0
            +---------+---------+-------+---------+---------+-------
        D:1 |      94 |      23 |  19.7 |      41 |      11 |  21.2
        D:2 |     119 |      87 |  42.2 |      22 |      12 |  35.3
        D:3 |     182 |       0 |   0.0 |      18 |       0 |   0.0
        D:4 |     427 |      18 |   4.0 |      26 |       3 |  10.3
        D:5 |      47 |       0 |   0.0 |       4 |       0 |   0.0
            +---------+---------+-------+---------+---------+-------
